 Dungeon Crawl Stone Soup version 0.30-a0-242-g7bf8e6d787 (webtiles) character file.

Game seed: 2975190335842346093

10444 KennySheep the Basher (level 11, -12/119 HPs)
             Began as an Ogre Cinder Acolyte on Oct 11, 2022.
             Was an Initiate of Okawaru.
             Mangled by an earth elemental (14 damage)
             ... on level 10 of the Dungeon.
             The game lasted 00:32:39 (16184 turns).

KennySheep the Basher (Ogre Cinder Acolyte)        Turns: 16184, Time: 00:32:39

Health: -12/119    AC:  9    Str: 24    XL:     11   Next: 62%
Magic:  12/12      EV:  9    Int: 21    God:    Okawaru [......]
Gold:   443        SH:  0    Dex:  4    Spells: 10/12 levels left

rFire   . . .      SeeInvis .    a - +0 giant spiked club (elec)
rCold   . . .      Faith    .    (shield currently unavailable)
rNeg    . . .      Spirit   .    L - +1 steam dragon scales
rPois   .          Reflect  .    d - +1 hat
rElec   .          Harm     .    G - +0 cloak
rCorr   .          Rampage  .    (gloves unavailable)
Will    ++...                    (boots unavailable)
Stlth   +.........               (no amulet)
HPRegen 0.39/turn                o - +6 ring of intelligence
MPRegen 0.13/turn                w - ring of willpower

@: fire susceptible
A: large, unfitting armour, tough skin 1
a: Renounce Religion


You were on level 10 of the Dungeon.
You worshipped Okawaru.
Okawaru was noncommittal.
You visited 3 branches of the dungeon, and saw 13 of its levels.

You collected 543 gold pieces.
You spent 100 gold pieces at shops.

Inventory:

Hand Weapons
 a - a +0 giant spiked club of electrocution (weapon)
 b - a +2 whip of venom
 v - a -1 mace of flaming
Missiles
 f - 3 large rocks (quivered)
 g - 133 stones
 x - 6 javelins
 y - 21 poisoned darts
 R - a curare-tipped dart
Armour
 d - a +1 hat (worn)
 D - a +2 robe of willpower
 G - a +0 cloak (worn)
 L - +1 steam dragon scales (worn)
Jewellery
 o - a +6 ring of intelligence (left hand)
 r - a +6 ring of intelligence
 w - a ring of willpower (right hand)
 K - a ring of protection from cold
Wands
 l - a wand of charming (20)
 q - a wand of flame (4)
 C - a wand of iceblast (5)
 E - a wand of polymorph (9)
 N - a wand of light (6)
Scrolls
 c - 3 scrolls of poison
 e - a scroll of fear
 i - a scroll of blinking
 j - a scroll of torment
 k - a scroll of amnesia
 n - 3 scrolls of magic mapping
 p - 4 scrolls of teleportation
 s - a scroll of noise
 t - 2 scrolls of vulnerability
 M - 3 scrolls of identify
 O - a scroll of butterflies {unknown}
 Q - a scroll of enchant weapon {unknown}
Potions
 h - 4 potions of mutation
 m - 2 potions of cancellation
 u - 2 potions of flight
 z - 2 potions of might
 B - 3 potions of ambrosia
 F - a potion of brilliance {unknown}
 H - a potion of curing
 I - a potion of berserk rage {unknown}
 J - 3 potions of degeneration {unknown}
 P - a potion of attraction {unknown}


   Skills:
 + Level 10.6 Fighting
 + Level 14.9 Maces & Flails
 + Level 2.4 Throwing
 - Level 1.2 Spellcasting
 - Level 2.6 Fire Magic


You had 10 spell levels left.
You knew the following spells:

 Your Spells              Type           Power      Damage    Failure   Level
a - Scorch                Fire           24%        2d6       9%          2

Your spell library contained the following spells:

 Spells                   Type           Power      Damage    Failure   Level
 Magic Dart               Conj           4%         1d3       16%         1
 Shock                    Conj/Air       4%         1d3       16%         1
 Slow                     Hex            4%         N/A       16%         1
 Searing Ray              Conj           2%         2d4       24%         2
 Confusing Touch          Hex            1%         N/A       43%         3
 Ozocubu's Armour         Ice            1%         N/A       43%         3
 Stone Arrow              Conj/Erth      2%         3d7       43%         3
 Swiftness                Air            1%         N/A       43%         3
 Vampiric Draining        Necr           1%         2d6       43%         3
 Airstrike                Air            0%         2d(1-17)  85%         4
 Fulminant Prism          Conj/Hex       0%         3d6       85%         4
 Metabolic Englaciation   Hex/Ice        0%         N/A       99%         5
 Enfeeble                 Hex            0%         N/A       100%        7
 Orb of Destruction       Conj           0%         9d5       100%        7
 Lehudib's Crystal Spear  Conj/Erth      0%         10d2      100%        8
 Summon Guardian Golem    Hex/Summ       Unusable   N/A       N/A         3
 Animate Armour           Summ/Erth      Unusable   N/A       N/A         4
 Simulacrum               Ice/Necr       Unusable   N/A       N/A         6
 Summon Cactus Giant      Summ           Unusable   N/A       N/A         6
 Spellforged Servitor     Conj/Summ      Unusable   N/A       N/A         7

Dungeon Overview and Level Annotations

Branches:
Dungeon (11/15)            Temple (1/1) D:4            Lair (1/5) D:10
    Orc: D:9-12

Altars:
Ashenzari
Cheibriados
Dithmenos
Elyvilon
Fedhas
Gozag
Hepliaklqana
Kikubaaqudgha
Makhleb
Nemelex Xobeh
Okawaru
Qazlal
Ru
Sif Muna
Trog
Uskayaw
Vehumet
Wu Jian
Xom
Yredelemnul
Zin
The Shining One

Shops:
D:2 !   D:10 [

Annotations:
D:3 3 runed translucent doors, wellesgreysong's ghost, amateur DEEn
Lair:1 Erica


Innate Abilities, Weirdness & Mutations

You are too large for most types of armour.
You have tough skin. (AC +1)


Message History

The stunning burst hits you!
You shrug off the repeated paralysis!
* * * LOW HITPOINT WARNING * * *
You closely miss the air elemental.
The air elemental is severely damaged.
The air elemental hits you.
* * * LOW HITPOINT WARNING * * *
The air elemental hits you!
* * * LOW HITPOINT WARNING * * *
You feel much better. The air elemental hits you!
* * * LOW HITPOINT WARNING * * *
The air elemental hits you.
* * * LOW HITPOINT WARNING * * *
The air elemental barely misses you.
You closely miss the air elemental.
The air elemental is severely damaged.
The air elemental barely misses you. x2
You hit the air elemental.
The air elemental is almost destroyed.
The air elemental hits you.
* * * LOW HITPOINT WARNING * * *
The air elemental hits you but does no damage.
The air elemental barely misses you.
You thump the air elemental!
You destroy the air elemental!
Okawaru accepts your kill.
You bludgeon the earth elemental!!
The earth elemental is severely damaged.
You barely miss the earth elemental.
The earth elemental is severely damaged.
The earth elemental closely misses you.
You barely miss the earth elemental.
The earth elemental is severely damaged.
The earth elemental hits you!!
* * * LOW HITPOINT WARNING * * *
You barely miss the earth elemental.
The earth elemental is severely damaged.
You hit the earth elemental but do no damage.
The earth elemental is severely damaged.
The earth elemental hits you!
You die...

########## #..E@....#
####''#####.############
#§§....≈≈##.....).......
#§§....≈≈####...≈≈≈≈≈≈≈≈
##########........#......≈......)
.........#...≈≈...#......≈.#####.
.........#...!#E..#......≈.#...).
.........#........#......≈.#._.#.
.[...<...#.).....##...^..≈.....#.


You could see an earth elemental.

Vanquished Creatures
  2 two-headed ogres
  2 black mambas (Lair:1)
  Joseph (D:6)
  A cane toad (Lair:1)
  An unseen horror (D:10)
  2 komodo dragons
  A hornet (D:7)
  A troll (D:10)
  An air elemental (D:10)
  2 wyverns
  A vampire (D:10)
  A fire elemental (D:10)
  A basilisk (Lair:1)
  3 yaks (D:8)
  Grum (D:9)
  A steam dragon (D:9)
  An acid dragon (D:8)
  2 water moccasins (D:10)
  Duvessa (D:7)
  An ice beast (D:4)
  5 orc warriors
  3 black bears
  3 ogres
  4 centaurs
  4 wolves
  4 phantoms
  8 bullfrogs
  2 kobold brigands
  Blork the orc (D:4)
  A gnoll sergeant (D:8)
  6 scorpions
  2 necrophages (D:7)
  Dowan (D:7)
  A water moccasin skeleton (D:5)
  4 killer bees
  4 howler monkeys
  A bullfrog zombie (D:5)
  A crimson imp (D:7)
  7 hounds
  A centaur zombie (D:5)
  3 orc priests
  2 jellies (D:4)
  A gnoll bouda (D:10)
  A centaur skeleton (D:5)
  An iron imp (D:8)
  Ijyb (D:3)
  2 iguanas (D:5)
  9 orc wizards
  2 hound zombies (D:5)
  9 gnolls
  9 adders
  2 white imps
  2 ufetubi
  3 worms
  2 dart slugs
  21 orcs
  6 endoplasms
  3 giant cockroaches
  12 goblins
  5 hobgoblins
  6 jackals
  5 quokkas
  8 ball pythons
  5 bats
  4 frilled lizards
  17 kobolds
  9 rats
240 creatures vanquished.

Vanquished Creatures (others)
  A water elemental (D:10)
  44 fungi
  49 plants
94 creatures vanquished.

Grand Total: 334 creatures vanquished

Notes
Turn   | Place    | Note
-------+----------+-------------------------------------------
     0 | D:1      | KennySheep the Ogre Cinder Acolyte began the quest for the
                  | Orb.
     0 | D:1      | Reached XP level 1. HP: 24/24 MP: 2/2
   113 | D:1      | Reached skill level 3 in Maces & Flails
   251 | D:1      | Reached XP level 2. HP: 25/32 MP: 3/3
   738 | D:1      | Reached XP level 3. HP: 40/40 MP: 4/4
  1050 | D:1      | Found a stormy altar of Qazlal.
  1365 | D:2      | Learned a level 2 spell: Scorch
  1439 | D:2      | Reached XP level 4. HP: 49/49 MP: 5/5
  1472 | D:2      | Found Maifuul's Distillery.
  1482 | D:2      | Bought a potion of haste for 100 gold pieces
  1576 | D:2      | Reached skill level 4 in Maces & Flails
  2402 | D:3      | Reached skill level 5 in Fighting
  2412 | D:3      | Noticed Ijyb
  2429 | D:3      | Killed Ijyb
  2430 | D:3      | Reached XP level 5. HP: 40/57 MP: 6/6
  2749 | D:3      | Found a stormy altar of Qazlal.
  2749 | D:3      | Found a white marble altar of Elyvilon.
  2828 | D:3      | Found a broken altar of Ashenzari.
  2837 | D:3      | Saw a vision of the Shoals and the Spider Nest.
  2837 | D:3      | Noticed a torpor snail
  2837 | D:3      | Noticed a merfolk avatar
  2837 | D:3      | Noticed a culicivora
  2837 | D:3      | Noticed a snapping turtle
  2837 | D:3      | Noticed a jumping spider
  2837 | D:3      | Noticed a sea snake
  2837 | D:3      | Noticed a wolf spider
  2837 | D:3      | Noticed a culicivora
  2837 | D:3      | Noticed a merfolk
  2837 | D:3      | Noticed a merfolk
  2837 | D:3      | Noticed a merfolk aquamancer
  2837 | D:3      | Noticed a wolf spider
  2837 | D:3      | Noticed a demonic crawler
  2837 | D:3      | Noticed a tarantella
  2837 | D:3      | Noticed a jumping spider
  2837 | D:3      | Noticed a harpy
  2837 | D:3      | Noticed a tarantella
  2837 | D:3      | Noticed a manticore
  2837 | D:3      | Noticed a death scarab
  2837 | D:3      | Noticed a sea snake
  2837 | D:3      | Noticed a boulder beetle
  2838 | D:3      | Noticed a jumping spider
  2838 | D:3      | Noticed a tarantella
  2838 | D:3      | Noticed a demonic crawler
  2838 | D:3      | Noticed a water elemental
  2838 | D:3      | Noticed a steelbarb worm
  2840 | D:3      | Noticed a tarantella
  3033 | D:3      | Found a runed translucent gate.
  3033 | D:3      | Found a runed translucent gate.
  3033 | D:3      | Found a runed translucent gate.
  3034 | D:3      | Noticed a kobold brigand
  3038 | D:3      | Noticed wellesgreysong's ghost (amateur DEEn)
  3803 | D:4      | Noticed a black bear
  3815 | D:4      | Killed a black bear
  3816 | D:4      | Reached skill level 5 in Maces & Flails
  3816 | D:4      | Reached XP level 6. HP: 52/67 MP: 7/7
  4152 | D:4      | Noticed Blork the orc
  4174 | D:4      | Killed Blork the orc
  4415 | D:4      | Reached skill level 6 in Maces & Flails
  4415 | D:4      | Reached XP level 7. HP: 60/76 MP: 8/8
  4792 | D:4      | Found a staircase to the Ecumenical Temple.
  4815 | Temple   | Entered the Ecumenical Temple
  5239 | D:5      | Entered Level 5 of the Dungeon
  5402 | D:4      | HP: 3/78 [ice beast (6)]
  5403 | D:4      | HP: 1/78 [ice beast (14)]
  5783 | D:5      | Reached skill level 7 in Maces & Flails
  5783 | D:5      | Reached XP level 8. HP: 37/88 MP: 9/9
  6216 | D:5      | Found a sparkling altar of Nemelex Xobeh.
  6307 | D:5      | Reached skill level 8 in Maces & Flails
  6665 | D:5      | Noticed a two-headed ogre
  6673 | D:5      | Killed a two-headed ogre
  6674 | D:5      | Reached skill level 9 in Maces & Flails
  6674 | D:5      | Reached XP level 9. HP: 101/101 MP: 10/10
  7071 | D:6      | Reached skill level 10 in Fighting
  7095 | D:6      | Reached skill level 10 in Maces & Flails
  7340 | D:6      | Identified the +5 ring mail "Zuenedur" {rPois rC+ Str+3}
  7387 | D:6      | Found an opulent altar of Gozag.
  7725 | D:6      | Found an iron altar of Okawaru.
  8708 | D:7      | Identified the +2 falchion of Indomitability {speed, +Blink
                  | Int+8 Dex+3}
  8788 | D:7      | Identified the +10 dagger "Eqyutocw" {vorpal, Fly rC+
                  | Int+4}
  8788 | D:7      | Noticed Dowan
  8790 | D:7      | Noticed Duvessa
  8791 | D:7      | Killed Dowan
  8801 | D:7      | Killed Duvessa
  8802 | D:7      | Reached skill level 11 in Maces & Flails
  9049 | D:7      | Found a burning altar of Makhleb.
  9050 | D:7      | Found a radiant altar of Vehumet.
  9056 | D:7      | Reached XP level 10. HP: 75/110 MP: 11/11
  9212 | D:7      | Identified the +6 chain mail of Context {-Cast rPois Dex+7}
  9332 | D:7      | Paralysed by a hornet for 3 turns
  9337 | D:7      | Paralysed by a hornet for 2 turns
  9339 | D:7      | HP: 5/110 [hornet (12)]
  9609 | D:7      | Noticed Joseph
  9622 | D:6      | HP: 4/110 [Joseph/+1 spectral quarterstaff (7)]
  9624 | D:6      | Killed Joseph
  9625 | D:6      | Reached skill level 12 in Maces & Flails
 10341 | D:8      | Found a bloodstained altar of Trog.
 10874 | D:8      | Found a snail-covered altar of Cheibriados.
 11233 | D:8      | Noticed a two-headed ogre
 11238 | D:8      | Killed a two-headed ogre
 11239 | D:8      | Reached skill level 13 in Maces & Flails
 11785 | D:9      | Found an ancient bone altar of Kikubaaqudgha.
 12337 | D:9      | Reached XP level 11. HP: 92/117 MP: 12/12
 12515 | D:9      | Noticed Grum
 12524 | D:9      | Killed Grum
 12777 | D:9      | Reached skill level 14 in Maces & Flails
 13127 | D:10     | Entered Level 10 of the Dungeon
 13569 | D:10     | Found a staircase to the Lair.
 13890 | D:10     | Got the Folio of Fascination and the Congregation
 13897 | D:10     | Found Mioph's Armour Shop.
 14326 | D:10     | Found an ornate altar of the Wu Jian Council.
 14481 | D:10     | Found a sacrificial altar of Ru.
 14559 | D:10     | Found a large runed translucent door.
 14559 | D:10     | Found a large runed translucent door.
 14657 | D:11     | Noticed a boulder beetle
 14686 | Lair:1   | Entered Level 1 of the Lair of Beasts
 15157 | Lair:1   | Reached skill level 1 in Throwing
 15434 | Lair:1   | Noticed Erica
 15821 | D:6      | Fell from the grace of Ignis
 15821 | D:6      | Became a worshipper of Warmaster Okawaru
 16159 | D:10     | Paralysed by an air elemental for 1 turns
 16165 | D:10     | Paralysed by an air elemental for 1 turns
 16172 | D:10     | Paralysed by an air elemental for 1 turns
 16182 | D:10     | HP: 1/119 [earth elemental (23)]
 16184 | D:10     | Mangled by an earth elemental

Illustrated notes

Levels and vault maps discovered:
D:1:      dpeg_arrival_water_altar, layout_loops_ring, minmay_unequal
D:2:      layout_basic, serial_shops, shop
D:3:      kennysheep_the_goblin_king, layout_loops_corners,
          grunt_ashenzari_visionary [grunt_ashenzari_visionary_shoals,
          grunt_ashenzari_visionary_spider], amethyst_overflow_temple_binary,
          gammafunk_ghost_nasty_kobolds
D:4:      kennysheep_six_static_rooms, layout_basic,
          minmay_temple_entry_drinking_statues, serial_curves, eino_curves_04,
          eino_curves_04, grunt_ministairs_13, uniq_blork_the_orc
D:5:      layout_basic, lemuel_doored_altar, serial_undead, serial_undead_d,
          serial_undead_e, serial_undead_a, serial_undead_d
D:6:      layout_loops_ring, grunt_gozag_statues, general_overflow_altar,
          serial_bayou_crossing
D:7:      layout_basic, grunt_temple_overflow_lords_of_destruction,
          uniq_duvessa, uniq_joseph
D:8:      layout_basic, bloody_trog, slow_altar_1
D:9:      layout_cave_pods, mainiacjoe_overflow_paths, minmay_misc_feat_chi,
          grunt_decor_fettered, uniq_grum
D:10:     layout_roguey, mainiacjoe_overflow_brackets,
          mainiacjoe_overflow_alcove_1, due_lair_maze_entry_diamond,
          serial_shops, shop, grunt_ministairs_15, lightli_elemental_guards
D:11:     layout_gridville, lemuel_zombie_altar_kikubaaqudgha
Temple:   nicolae_temple_bog_church
Lair:1:   layout_loops_ring, serial_bayou_shore_b, lemuel_fruit_tree,
          grunt_megastairs_5, serial_bayou_shore_a, lemuel_fruit_fields,
          uniq_erica

Skill      XL: |  1  2  3  4  5  6  7  8  9 10 11 |
---------------+----------------------------------+-----
Maces & Flails | 3 4 5 6 7 9 11 13 14 | 14.9
Fighting       | 5 6 7 9 10 | 10.6
Throwing       | 2 |  2.4
Spellcasting   | |  1.2
Fire Magic     | |  2.6

Action                   |  1- 3 |  4- 6 |  7- 9 | 10-12 || total
-------------------------+-------+-------+-------+-------++-------
Melee: Mace              |   132 |   200 |   135 |       ||   467
       Punch             |       |     2 |       |       ||     2
       Giant spiked club |       |       |   171 |   336 ||   507
Throw: Large rock        |       |       |    19 |    14 ||    33
 Cast: Scorch            |       |       |     5 |       ||     5
Invok: Fiery Armour      |       |     1 |     2 |     6 ||     9
       Rising Flame      |       |       |       |     1 ||     1
  Use: Scroll            |       |     4 |    13 |     5 ||    22
       Potion            |       |     1 |     6 |    12 ||    19
Armor: Robe              |    49 |    73 |   121 |    56 ||   299
       Skin              |       |       |    20 |       ||    20
       Steam dragon scal |       |       |       |   102 ||   102
Dodge: Dodged            |    62 |   110 |   218 |   206 ||   596

Table legend: (Time is in decaauts)
 A = Elapsed time spent in this place.
 B = Non-inter-level travel time spent in this place.
 C = Inter-level travel time spent in this place.
 D = Time resting spent in this place.
 E = Time spent auto-exploring this place.
 F = Levels seen in this place.
 G = Mean time per level.
                   A        B        C        D        E       F      G
               +--------+--------+--------+--------+--------+-----+--------+
         Total |  16410 |  15621 |    789 |   4383 |   8932 |  13 | 1262.3 |
       Dungeon |  15432 |  14662 |    770 |   4099 |   8356 |  11 | 1402.9 |
        Temple |    193 |    174 |     19 |      0 |    166 |   1 |  193.0 |
          Lair |    784 |    784 |      0 |    284 |    409 |   1 |  784.0 |
               +--------+--------+--------+--------+--------+-----+--------+

Top non-repeatable levels by time:
    D:10: 2091 daAuts
     D:4: 2044 daAuts
     D:6: 1829 daAuts
     D:9: 1579 daAuts
     D:7: 1507 daAuts
     D:8: 1429 daAuts
     D:5: 1347 daAuts
     D:2: 1283 daAuts
     D:3: 1177 daAuts
     D:1: 1130 daAuts
  Lair:1: 784 daAuts
  Temple: 193 daAuts
    D:11: 12 daAuts
